 Dungeon Crawl Stone Soup version 0.29-a0-844-ge8845773e3 (webtiles) character file.

Game seed: 14340889103199310479

42448 Ge0ff the Slicer (level 13, -1/61 HPs)
             Began as a Spriggan Wanderer on July 15, 2022.
             Was the Champion of Dithmenos.
             Slain by an eight-headed hydra (9 damage)
             ... on level 3 of the Lair of Beasts.
             The game lasted 01:24:16 (26065 turns).

Ge0ff the Slicer (Spriggan Wanderer)               Turns: 26065, Time: 01:24:17

Health: -1/61      AC:  7    Str: 13    XL:     13   Next: 85%
Magic:  4/27       EV: 20    Int: 14    God:    Dithmenos [******]
Gold:   2273       SH:  0    Dex: 20    Spells: 20/30 levels left

rFire   . . .      SeeInvis +   a - +2 short sword (flame)
rCold   + . .      Faith    .   (no shield)
rNeg    . . .      Spirit   .   Y - +0 steam dragon scales
rPois   .          Reflect  .   c - +0 hat
rElec   .          Harm     .   Q - +1 cloak
rCorr   .          Rampage  .   (gloves unavailable)
Will    ++...                   (boots unavailable)
Stlth   +++++++++.              D - amulet of regeneration
HPRegen 1.00/turn               l - +6 ring of strength
MPRegen 0.20/turn               x - ring of protection from cold

@: wreathed by umbra, very quick
A: very small, no large weapons, unfitting armour, see invisible, speed 3
a: Renounce Religion, Shadow Step, Shadow Form


You were on level 3 of the Lair of Beasts.
You worshipped Dithmenos.
Dithmenos was exalted by your worship.
You visited 3 branches of the dungeon, and saw 16 of its levels.
You also visited: Bailey and Ice Cave.

You collected 2273 gold pieces.

Inventory:

Hand Weapons
 a - a +2 short sword of flaming (weapon)
 b - a +1 spectral rapier
 h - the +9 spear "Umucemmu" {drain, rF+ Will+}
   (You took it off a kobold on level 9 of the Dungeon)

   A truly terrible weapon, it drains the life of any living foe it strikes.
   rF:        It protects you from fire.
   Will:      It increases your willpower.
 v - a +2 long sword of electrocution
 w - a +0 dagger of speed
Missiles
 g - a throwing net {=F}
 m - 105 stones
 G - 3 datura-tipped darts {=F}
 H - 39 poisoned darts (quivered)
 I - 22 boomerangs
Armour
 c - a +0 hat (worn)
 e - a +2 buckler
 n - a +1 robe of positive energy
 o - a +0 troll leather armour
 p - +0 acid dragon scales
 Q - a +1 cloak (worn)
 Y - +0 steam dragon scales (worn)
Jewellery
 l - a +6 ring of strength (left hand)
 r - a ring of protection from fire
 x - a ring of protection from cold (right hand)
 D - an amulet of regeneration (around neck)
Wands
 d - a wand of digging (30)
 s - a wand of mindburst (15)
 P - a wand of polymorph (8)
Scrolls
 y - a scroll of immolation
 B - 5 scrolls of blinking
 C - a scroll of poison
 E - 3 scrolls of fear
 F - 6 scrolls of fog
 J - 2 scrolls of silence {!r}
 O - 4 scrolls of enchant armour
 S - a scroll of summoning
 T - 14 scrolls of teleportation
 V - 2 scrolls of vulnerability
Potions
 q - 8 potions of curing
 u - a potion of mutation {!q}
 z - a potion of brilliance
 A - 3 potions of attraction
 K - 2 potions of magic {!q}
 L - 3 potions of lignification
 M - 4 potions of might
 N - a potion of cancellation {!q}
 R - 2 potions of resistance
 W - 10 potions of heal wounds {!q}
 X - 3 potions of flight
 Z - a potion of ambrosia {unknown}
Miscellaneous
 t - a tin of tremorstones (1/2)
 U - a phantom mirror


   Skills:
 - Level 4.0 Fighting
 + Level 12.8 Short Blades
 - Level 2.0 Throwing
 - Level 5.0 Dodging
 - Level 12.0 Stealth
 - Level 1.3 Shields
 + Level 9.0 Spellcasting
 - Level 4.0 Conjurations
 + Level 11.0 Hexes
 - Level 10.0 Transmutations
 - Level 3.0 Fire Magic
 - Level 5.0 Ice Magic
 - Level 4.0 Air Magic
 - Level 3.0 Earth Magic
 - Level 5.0 Poison Magic
 - Level 3.0 Invocations
 - Level 7.0 Evocations


You had 20 spell levels left.
You knew the following spells:

 Your Spells              Type           Power      Damage    Failure   Level
f - Mephitic Cloud        Conj/Pois/Air  18%        N/A       6%          3
i - Ignite Poison         Fire/Tmut/Pois 23%        N/A       3%          3
k - Ensorcelled Hibernat  Hex/Ice        56%        N/A       1%          2
w - Passwall              Tmut/Erth      20%        N/A       1%          2

Your spell library contained the following spells:

 Spells                   Type           Power      Damage    Failure   Level
 Freeze                   Ice            80%        1d9       1%          1
 Magic Dart               Conj           68%        1d6       2%          1
 Searing Ray              Conj           34%        2d5       3%          2
 Frozen Ramparts          Ice            40%        1d6       4%          3
 Fulminant Prism          Conj/Hex       13%        3d9       5%          4
 Leda's Liquefaction      Hex/Erth       13%        N/A       6%          4
 Swiftness                Air            17%        N/A       7%          3
 Apportation              Tloc           12%        N/A       12%         1
 Alistair's Intoxication  Tmut/Pois      18%        N/A       14%         5
 Call Imp                 Summ           6%         N/A       17%         2
 Hailstorm                Conj/Ice       18%        3d6       19%         4
 Gell's Gravitas          Tloc           6%         N/A       34%         3
 Teleport Other           Tloc           6%         N/A       34%         3
 Freezing Cloud           Conj/Ice/Air   9%         6-21      50%         5
 Lee's Rapid Deconstruct  Erth           7%         3d7*      67%         5
 Animate Dead             Necr           6%         N/A       75%         4
 Statue Form              Tmut/Erth      16%        N/A       77%         6
 Borgnjor's Vile Clutch   Necr/Erth      5%         N/A       86%         5
 Death Channel            Necr           3%         N/A       100%        6
 Dispersal                Tloc           3%         N/A       100%        6
 Malign Gateway           Summ/Tloc      3%         N/A       100%        7
 Summon Horrible Things   Summ           3%         N/A       100%        8


Dungeon Overview and Level Annotations

Branches:
Dungeon (12/15) Zot: 26295  Temple (1/1) D:4 Zot: 5854    Lair (3/6) D:9 Zot: 15336
 Shoals (0/4) Lair:2          Orc (0/2) D:9          Bailey (visited)
  IceCv (visited)
  Snake: Lair:2-4    Spider: Lair:2-4

Altars:
Ashenzari
Cheibriados
Dithmenos
Elyvilon
Fedhas
Gozag
Hepliaklqana
Kikubaaqudgha
Makhleb
Nemelex Xobeh
Okawaru
Qazlal
Ru
Sif Muna
Trog
Uskayaw
Vehumet
Wu Jian
Xom
Yredelemnul
Zin
The Shining One

Shops:
D:6 (

Annotations:
D:7 2 transporters, Menkaure
D:9 1 runed translucent door, anet's ghost, novice HOCj
Lair:2 2 transporters, astraldaughter's ghost, journeyman SpEn


Innate Abilities, Weirdness & Mutations

You are very small and have problems with some larger weapons.
You are too small for most types of armour.
You have supernaturally acute eyesight. (SInv)
You cover ground extremely quickly. (Speed+++)


Message History

You feel sick.
You feel sick.
You are no longer poisoned.
Casting: Ignite Poison (dangerous; 3% risk of failure)
Confirm with . or Enter, or press ? or * to list all spells.
Aiming: Ensorcelled Hibernation (safe; 1% risk of failure)
Press: ? - help, Shift-Dir - straight line, f/p - eight-headed hydra
Aim: an eight-headed hydra (heavily wounded, umbra, chance to affect: 25%)
The water moccasin looks drowsy...
Throw: 22 boomerangs
Press: ? - help, Shift-Dir - straight line, f/p - eight-headed hydra
Aim: an eight-headed hydra (heavily wounded, umbra, 81% to hit)
You throw a boomerang.
The boomerang barely misses the eight-headed hydra.
The boomerang hits the water moccasin.
The water moccasin hisses angrily.
The water moccasin is lightly wounded.
Casting: Ensorcelled Hibernation (safe; 1% risk of failure)
Confirm with . or Enter, or press ? or * to list all spells.
You can't see any susceptible monsters within range! (Use Z to cast anyway.)
Casting: Ensorcelled Hibernation (safe; 1% risk of failure)
Confirm with . or Enter, or press ? or * to list all spells.
Aiming: Mephitic Cloud (dangerous; 6% risk of failure)
Press: ? - help, Shift-Dir - straight line, p - eight-headed hydra The ball explodes into a vile cloud!
Casting: Mephitic Cloud (dangerous; 6% risk of failure)
Confirm with . or Enter, or press ? or * to list all spells.
You ignite the poison in your surroundings!
The water moccasin is engulfed in blazing flames.
The eight-headed hydra is engulfed in blazing flames.
Really walk into that cloud of flame?
Okay, then.
The water moccasin is engulfed in blazing flames.
You hit the water moccasin. You burn the water moccasin.
You kill the water moccasin!
Dithmenos accepts your kill.
The eight-headed hydra is engulfed in blazing flames.
Your Spellcasting skill increases to level 9!
You hit the eight-headed hydra. You burn the eight-headed hydra.
The eight-headed hydra is severely wounded.
You hit the eight-headed hydra. You burn the eight-headed hydra.
The eight-headed hydra is severely wounded.
The eight-headed hydra is engulfed in blazing flames.
The eight-headed hydra closely misses you.
The eight-headed hydra bites you!
The eight-headed hydra barely misses you.
The eight-headed hydra bites you! x3
* * * LOW HITPOINT WARNING * * *
The eight-headed hydra misses you. The eight-headed hydra bites you!
You die...

.#...##...#.#.....##....##...##
#.?..P#..#.#...........###..#.#
##...###..##......#....# #...##
##.........#......##...###..##
.#.................P...#.....#
............................##
............................##
.............................#
................@...........##
.....#..#.####..D.##..#####..#
.....##...#.##..°°.##.## #P.##
.....##.....##..☼°.##..####.#
.............#....###...##..#
.....#......##....###...P##.#
.....##......#.....#.....#..##
.....#......#.....###...###.P#
......#.##.##.......##..##..##


You could see an eight-headed hydra.

Vanquished Creatures
  Rupert (Lair:3)
  A frost giant (IceCv)
  An orc warlord (Bailey)
  4 hydras
  2 boulder beetles
  A two-headed ogre (D:10)
  8 death yaks (IceCv)
  An orc knight (Bailey)
  A deep elf pyromancer (D:12)
  An ugly thing (D:12)
  A manticore (D:12)
  3 cyclopes
  2 elephants (Lair:3)
  A torpor snail (Lair:2)
  An ice statue (IceCv)
  3 black mambas
  An unseen horror (D:11)
  A gargoyle (D:11)
  4 cane toads
  5 rime drakes (IceCv)
  A kobold demonologist (D:11)
  8 komodo dragons
  A troll (D:9)
  6 polar bears
  6 blink frogs
  A hornet (D:9)
  A shadow (D:11)
  A vampire (D:12)
  A wraith (D:9)
  6 spriggans (Lair:3)
  43 yaks
  A basilisk (Lair:1)
  2 wyverns
  A steam dragon (D:10)
  2 vampire mosquitoes (D:11)
  An acid dragon (D:9)
  9 water moccasins
  A sky beast (D:7)
  16 orc warriors
  2 black bears
  An ice beast (D:6)
  2 ogres
  24 wolves
  4 centaurs
  4 kobold brigands
  A phantom (D:6)
  Blork the orc (D:5)
  A necrophage (D:6)
  7 bullfrogs
  A gnoll sergeant (D:11)
  A scorpion (D:6)
  11 wights
  19 killer bees
  4 electric eels
  A hound (D:6)
  8 orc priests
  A gnoll bouda (D:7)
  4 iguanas
  9 orc wizards
  14 gnolls
  10 adders
  4 river rats (D:7)
  3 white imps
  4 ufetubi
  A dart slug (D:5)
  3 worms
  46 orcs
  12 ball pythons
  5 bats
  11 endoplasms
  2 giant cockroaches
  17 goblins
  5 hobgoblins
  6 jackals
  2 quokkas
  3 frilled lizards
  30 kobolds
  23 rats
458 creatures vanquished.

Vanquished Creatures (collateral kills)
  A queen bee (D:11)
  A killer bee (D:8)
  A rat (D:2)
3 creatures vanquished.

Vanquished Creatures (others)
  15 fungi
  79 plants
94 creatures vanquished.

Grand Total: 555 creatures vanquished

Notes
Turn   | Place    | Note
-------+----------+-------------------------------------------
     0 | D:1      | Ge0ff the Spriggan Wanderer began the quest for the Orb.
     0 | D:1      | Ge0ff set off with the following items: a +0 dagger, a +0
                  | hat, a +0 robe, a +2 buckler, 2 scrolls of fog.
     0 | D:1      | Reached XP level 1. HP: 11/11 MP: 3/3
   535 | D:1      | Reached skill level 1 in Short Blades
   805 | D:1      | Reached XP level 2. HP: 16/16 MP: 5/5
   857 | D:1      | Found a faded altar of an unknown god.
  1813 | D:1      | Found a faded altar of an unknown god.
  2190 | D:1      | Found a faded altar of an unknown god.
  2785 | D:2      | Reached XP level 3. HP: 19/19 MP: 6/6
  3152 | D:2      | Learned a level 2 spell: Ensorcelled Hibernation
  3772 | D:2      | Reached skill level 1 in Hexes
  3778 | D:2      | Learned a level 2 spell: Passwall
  3871 | D:2      | Reached XP level 4. HP: 23/23 MP: 4/8
  4207 | D:3      | Identified the +4 chain mail of the Dragon {Int-4 Dex+5}
  4633 | D:3      | Reached skill level 1 in Transmutations
  5589 | D:3      | Found a glowing golden altar of the Shining One.
  5634 | D:3      | Reached skill level 1 in Ice Magic
  5759 | D:4      | Reached XP level 5. HP: 27/27 MP: 9/9
  5959 | D:4      | Reached skill level 1 in Earth Magic
  6255 | D:4      | Found a staircase to the Ecumenical Temple.
  6270 | Temple   | Entered the Ecumenical Temple
  6472 | Temple   | Became a worshipper of Dithmenos the Shadowed
  7241 | D:4      | Found a hide-covered altar of Uskayaw.
  7253 | D:4      | Found a white marble altar of Elyvilon.
  7327 | D:5      | Entered Level 5 of the Dungeon
  7334 | D:5      | Noticed an ogre
  7353 | D:5      | Killed an ogre
  7354 | D:5      | Reached skill level 5 in Stealth
  7354 | D:5      | Reached XP level 6. HP: 32/32 MP: 3/11
  7913 | D:5      | Reached XP level 7. HP: 35/35 MP: 12/12
  8193 | D:5      | Found a sparkling altar of Nemelex Xobeh.
  8265 | D:5      | Noticed Blork the orc
  8275 | D:5      | Killed Blork the orc
  8662 | D:6      | Reached * piety under Dithmenos
  8682 | D:6      | Reached skill level 5 in Short Blades
  8682 | D:6      | Reached skill level 1 in Evocations
  8825 | D:6      | Reached skill level 5 in Transmutations
  8825 | D:6      | Reached XP level 8. HP: 39/39 MP: 8/13
  8870 | D:6      | Reached skill level 5 in Hexes
  9098 | D:6      | Learned a level 3 spell: Mephitic Cloud
  9102 | D:6      | Learned a level 3 spell: Ignite Poison
  9754 | D:6      | Found Rerauc's Weapon Shoppe.
  9861 | D:7      | Reached skill level 1 in Conjurations
  9886 | D:7      | Reached ** piety under Dithmenos
  9945 | D:7      | Found an opulent altar of Gozag.
  9963 | D:7      | Reached skill level 1 in Air Magic
  9963 | D:7      | Reached skill level 1 in Poison Magic
  9976 | D:7      | Found a flagged portal.
 10099 | D:7      | Found a basalt altar of Yredelemnul.
 10100 | D:7      | Found an ancient bone altar of Kikubaaqudgha.
 10100 | D:7      | Noticed Menkaure
 10131 | Bailey   | Entered a bailey
 10141 | Bailey   | Noticed an orc warlord
 10455 | Bailey   | Noticed an orc knight
 10561 | Bailey   | Killed an orc knight
 10562 | Bailey   | Reached XP level 9. HP: 36/43 MP: 3/16
 10737 | Bailey   | Found a runed translucent gate.
 10739 | Bailey   | Found a runed translucent gate.
 10741 | Bailey   | Found a runed translucent gate.
 10875 | Bailey   | Reached *** piety under Dithmenos
 11391 | Bailey   | Killed an orc warlord
 11569 | Bailey   | Identified the +1 leather armour of Privacy {-Cast rF+
                  | Str+5}
 11903 | D:7      | Found a transporter.
 12259 | D:7      | Found a transporter.
 12278 | D:7      | Found an ornate altar of the Wu Jian Council.
 12656 | D:7      | Reached skill level 1 in Fire Magic
 12658 | D:7      | Reached XP level 10. HP: 47/47 MP: 10/17
 14490 | D:9      | Found a staircase to the Lair.
 14659 | D:9      | Reached **** piety under Dithmenos
 14714 | D:9      | Identified the +9 spear "Umucemmu" {drain, rF+ Will+}
 15073 | D:9      | Found an iron altar of Okawaru.
 15260 | D:9      | Found a shimmering altar of Xom.
 15958 | D:9      | Noticed anet's ghost (novice HOCj)
 16005 | D:9      | Found a runed translucent door.
 16491 | D:9      | Found a staircase to the Orcish Mines.
 16874 | D:9      | Reached skill level 5 in Spellcasting
 17115 | D:10     | Entered Level 10 of the Dungeon
 17180 | D:10     | Reached XP level 11. HP: 52/52 MP: 11/19
 17362 | D:10     | Found a hazy altar of Hepliaklqana.
 17372 | D:10     | Noticed a two-headed ogre
 17387 | D:10     | Killed a two-headed ogre
 17388 | D:10     | Reached skill level 5 in Dodging
 18043 | D:11     | Reached skill level 10 in Short Blades
 18144 | D:11     | HP: 2/52 [poisoned by a gnoll sergeant]
 18547 | D:11     | Identified the +0 ring mail of the Cicada {Drain Will-
                  | Str+8 Stlth+}
 18650 | D:11     | Noticed a boulder beetle
 18682 | D:11     | Killed a boulder beetle
 18698 | D:11     | Reached ***** piety under Dithmenos
 19732 | D:12     | Noticed an eight-headed hydra
 19742 | D:12     | Killed an eight-headed hydra
 19743 | D:12     | Reached skill level 5 in Ice Magic
 19789 | D:12     | Noticed a deep elf pyromancer
 19805 | D:12     | Killed a deep elf pyromancer
 19982 | D:12     | Noticed a brown ugly thing
 20014 | D:12     | Killed a brown ugly thing
 20311 | D:12     | Noticed a boulder beetle
 20334 | D:12     | Killed a boulder beetle
 20335 | D:12     | Reached XP level 12. HP: 56/56 MP: 17/20
 20351 | D:12     | Reached skill level 10 in Stealth
 20519 | Lair:1   | Entered Level 1 of the Lair of Beasts
 20613 | Lair:1   | Reached skill level 1 in Invocations
 20711 | Lair:1   | Found a frozen archway.
 20968 | IceCv    | Entered an ice cave
 21115 | IceCv    | Noticed a death yak
 21172 | IceCv    | Killed a death yak
 21519 | IceCv    | Noticed a death yak
 21519 | IceCv    | Noticed a death yak
 21521 | IceCv    | Killed a death yak
 21540 | IceCv    | Killed a death yak
 22006 | IceCv    | Reached skill level 10 in Hexes
 22122 | IceCv    | Reached skill level 1 in Throwing
 22150 | IceCv    | Noticed a death yak
 22160 | IceCv    | Killed a death yak
 22160 | IceCv    | Noticed a death yak
 22234 | IceCv    | Noticed a death yak
 22234 | IceCv    | Noticed a death yak
 22251 | IceCv    | Killed a death yak
 22252 | IceCv    | Reached skill level 5 in Poison Magic
 22252 | IceCv    | Reached skill level 5 in Evocations
 22423 | IceCv    | Killed a death yak
 22440 | IceCv    | Killed a death yak
 22542 | IceCv    | Noticed a frost giant
 22542 | IceCv    | Noticed a death yak
 22546 | IceCv    | Killed a frost giant
 22547 | IceCv    | Reached XP level 13. HP: 22/61 MP: 16/23
 24084 | Lair:1   | Acquired 1044 gold pieces
 24180 | Lair:2   | Found a transporter.
 24186 | Lair:2   | Noticed astraldaughter's ghost (journeyman SpEn)
 24193 | Lair:2   | Found a staircase to the Shoals.
 24325 | Lair:2   | Found a transporter.
 24399 | Lair:2   | Found a basalt altar of Yredelemnul.
 24973 | Lair:3   | Reached skill level 10 in Transmutations
 25599 | Lair:3   | Reached ****** piety under Dithmenos
 25768 | Lair:3   | Noticed Rupert
 25771 | Lair:3   | Killed Rupert
 26065 | Lair:3   | Slain by an eight-headed hydra

Illustrated notes

Levels and vault maps discovered:
D:1:      psy_arrival_dodecagon, layout_loops_ring,
          ebering_ecumenical_altar_mist, minmay_split_cup_large
D:2:      minmay_chambers_of_twos, layout_loops_ring, minmay_hedge_maze
D:3:      layout_loops_ring, tso_oasis_becter
D:4:      layout_loops_corners, amethyst_overflow_temple_binary,
          minmay_temple_entry_statues_pillars, kennysheep_generic_room_10
D:5:      layout_loops_ring, mainiacjoe_overflow_chevrons, st_stairs_6,
          uniq_blork_the_orc
D:6:      layout_rooms, serial_shops, shop
D:7:      layout_loops_corners, gammafunk_temple_of_torment,
          nicolae_wu_jian_wuxing_cycle, overflow_temple_1_default,
          enter_bailey_3, minmay_misc_feat_x, dk_rats_in_the_wall
D:8:      layout_basic
D:9:      layout_loops_ring, kennysheep_mini_moat,
          mainiacjoe_overflow_boulevard, david_lair_shrubbed,
          minmay_orc_entry_temple_small, hellmonk_ghost_big_iron
D:10:     layout_small_grid, mainiacjoe_overflow_six_doors_small
D:11:     layout_small_grid, nicolae_looking_at_the_future
D:12:     layout_basic, nrook_pool_corridor
Temple:   grunt_temple_mini_profane
Lair:1:   layout_long_grid, portal_ice_cave_entry_pillars_2,
          serial_bayou_ford_a, serial_bayou_shore_a
Lair:2:   layout_loops_ring, elwin_shoals_entry_rocks,
          gammafunk_ghost_berserking_beasts, basic_altar
Lair:3:   layout_regular_city, wad_woods_01, uniq_rupert

Skill      XL: |  1  2  3  4  5  6  7  8  9 10 11 12 13 |
---------------+----------------------------------------+-----
Short Blades   | 1 3 4 5 7 8 9 10 11 12 | 12.8
Hexes          | 1 2 3 4 5 7 9 10 11 | 11.0
Spellcasting   | 2 3 4 5 6 9 |  9.0
Transmutations | 1 2 3 5 7 8 10 | 10.0
Ice Magic      | 1 2 3 5 |  5.0
Earth Magic    | 1 2 3 |  3.0
Stealth        | 5 7 9 11 12 | 12.0
Evocations     | 2 3 5 7 |  7.0
Dodging        | 3 4 5 |  5.0
Conjurations   | 2 3 4 |  4.0
Air Magic      | 2 3 4 |  4.0
Poison Magic   | 3 4 5 |  5.0
Fire Magic     | 1 3 |  3.0
Fighting       | 3 4 |  4.0
Invocations    | 3 |  3.0
Throwing       | 2 |  2.0
Shields        | |  1.3

Action                   |  1- 3 |  4- 6 |  7- 9 | 10-12 | 13-15 || total
-------------------------+-------+-------+-------+-------+-------++-------
Melee: Dagger            |   122 |   122 |   241 |   169 |     1 ||   655
       Spear             |     8 |       |       |       |       ||     8
       Punch             |       |     3 |     4 |     2 |     1 ||    10
       Short sword       |       |       |       |   173 |   130 ||   303
       Rapier            |       |       |       |    26 |       ||    26
       Unarmed           |       |       |       |    16 |       ||    16
Throw: Dart              |     8 |       |    27 |    71 |    23 ||   129
       Stone             |     6 |    10 |    26 |       |       ||    42
       Boomerang         |       |       |       |       |     1 ||     1
 Cast: Passwall          |     2 |     7 |     4 |     4 |     7 ||    24
       Ensorcelled Hiber |       |    33 |   104 |   150 |    55 ||   342
       Mephitic Cloud    |       |       |     7 |    53 |    23 ||    83
       Ignite Poison     |       |       |     2 |    22 |    15 ||    39
Invok: Shadow Step       |       |       |       |     1 |       ||     1
Evoke: Wand              |       |     1 |    19 |     3 |     3 ||    26
       Tin of tremorston |       |       |       |     3 |     1 ||     4
  Use: Scroll            |     7 |     4 |     5 |    13 |     3 ||    32
       Potion            |       |       |     2 |     1 |     1 ||     4
 Stab: Sleeping          |     9 |    37 |    54 |    93 |    37 ||   230
       Distracted        |       |       |     2 |     7 |       ||     9
       Confused          |       |       |     5 |    39 |    22 ||    66
Armor: Robe              |    12 |    11 |    15 |     4 |       ||    42
       Steam dragon scal |       |       |       |    12 |     7 ||    19
       Skin              |       |       |       |     2 |       ||     2
Dodge: Dodged            |    49 |    64 |   166 |   212 |   108 ||   599
Block: Buckler           |    37 |       |       |       |       ||    37

Table legend: (Time is in decaauts)
 A = Elapsed time spent in this place.
 B = Non-inter-level travel time spent in this place.
 C = Inter-level travel time spent in this place.
 D = Time resting spent in this place.
 E = Time spent auto-exploring this place.
 F = Levels seen in this place.
 G = Mean time per level.
                   A        B        C        D        E       F      G
               +--------+--------+--------+--------+--------+-----+--------+
         Total |  19965 |  19575 |    390 |   4227 |  10919 |  18 | 1109.2 |
       Dungeon |  14302 |  13950 |    352 |   3186 |   7835 |  12 | 1191.8 |
        Temple |    145 |    117 |     28 |      0 |    115 |   1 |  145.0 |
          Lair |   2662 |   2652 |     10 |    126 |   1884 |   3 |  887.3 |
        Bailey |   1162 |   1162 |      0 |    233 |    440 |   1 | 1162.0 |
      Ice Cave |   1692 |   1692 |      0 |    681 |    643 |   1 | 1692.0 |
               +--------+--------+--------+--------+--------+-----+--------+

Top non-repeatable levels by time:
     D:9: 1917 daAuts
   IceCv: 1692 daAuts
     D:1: 1632 daAuts
     D:2: 1465 daAuts
     D:7: 1435 daAuts
     D:8: 1271 daAuts
  Lair:1: 1221 daAuts
  Bailey: 1162 daAuts
     D:4: 1149 daAuts
    D:11: 1149 daAuts
     D:3: 1102 daAuts
     D:6: 1064 daAuts
  Lair:3: 850 daAuts
    D:10: 761 daAuts
     D:5: 691 daAuts
